AoeStats
← Honper

Arabia

509164508Analyzed
1v1 RM · 5d ago on Sep 25, 2026· 35m 4s· 2 players
Game mode
Random Map
Map size
Tiny (2 player)
Population
200
Speed
Normal
Resources
Standard
Victory
Conquest
Starting age
Dark Age
Ending age
Imperial Age
RankedLock teamsTeams togetherTeam positionsShared explorationLock speedFull tech treeHidden civsTurbo modeCheats
Victory
Defeat
🇧🇷 Spanish · Brazil
868
+15
🇨🇿 Franks · Czechia
843
-15
Honper
1:50 Loom
10:17 Feudal Age
16:26 Wheelbarrow
22:34 Castle Age
22:40 Scale Barding Armor
22:46 Forging
31:08 Elite Skirmisher
31:41 Fletching
34:09 Light Cavalry
diegomes90
10:57 Feudal Age
19:16 Castle Age
23:58 Horse Collar
24:18 Double-Bit Axe
Connection lost

Rejoining the realm…

Still unreachable

The connection could not be restored.

Session expired

The server has moved on; the page needs a fresh start.